 Dungeon Crawl Stone Soup version 0.16.2-12-gd0ad4c3 (webtiles) character file.

14545 Kira the Thaumaturge (level 11, -18/47 HPs)
             Began as a Spriggan Venom Mage on Oct 17, 2015.
             Was a Believer of Nemelex Xobeh.
             Killed from afar by Josephine (43 damage)
             ... with a ghostly fireball
             ... on level 2 of the Orcish Mines.
             The game lasted 03:21:46 (17487 turns).

Kira the Thaumaturge (Spriggan Venom Mage)         Turns: 17487, Time: 03:21:49

Health: -18/47     AC:  4    Str:  4    XL:     11   Next: 90%
Magic:  34/35      EV: 31    Int: 19    God:    Nemelex Xobeh [**....]
Gold:   1421       SH:  6    Dex: 20    Spells: 4 memorised, 29 levels left

rFire  . . .     SeeInvis +     W - +0 rod of ignition (11/11)
rCold  . . .     Clarity  .     a - +1 robe
rNeg   . . .     SustAb   .     Z - +0 buckler
rPois  .         Gourm    .     (helmet restricted)
rElec  .         Spirit   .     o - +0 cloak
rCorr  .         Warding  .     (gloves unavailable)
rMut   .         Stasis   .     (boots unavailable)
MR     +....                    (no amulet)
Stlth  ++++++....               X - ring of invisibility
                                L - ring of stealth

@: very slightly contaminated, invisible, very quick, somewhat resistant to
hostile enchantments, very stealthy
A: unfitting armour, see invisible, agile 1, herbivore 3, speed 3, slow
metabolism 2
a: Renounce Religion, Turn Visible


You were on level 2 of the Orcish Mines.
You worshipped Nemelex Xobeh.
Nemelex Xobeh was pleased with you.
You were not hungry.

You visited 4 branches of the dungeon, and saw 16 of its levels.

You collected 1421 gold pieces.

Inventory:

Hand weapons
 y - a +2 short sword of speed
 I - a +5 dagger
Armour
 a - a +1 robe (worn)
 o - a +0 cloak (worn)
 Z - a +0 buckler (worn)
Rods
 W - a +0 rod of ignition (11/11) (weapon)
   (You found it on level 8 of the Dungeon)
Jewellery
 l - an uncursed ring of positive energy
 s - a +3 ring of protection
 D - a +5 ring of dexterity
 J - an uncursed ring of teleportation
 L - a ring of stealth (left hand)
 P - a +4 ring of intelligence
 X - a ring of invisibility (right hand)
Magical devices
 i - a wand of polymorph (8)
 w - a wand of magic darts (13)
 x - a wand of confusion (12)
 K - a wand of fire (7)
 S - a wand of polymorph (8)
 T - a wand of digging (14)
Scrolls
 f - 5 scrolls of fog
 g - 2 scrolls of noise {unknown}
 k - a scroll of enchant armour
 q - 3 scrolls of identify
 t - a scroll of acquirement {unknown}
 v - 3 scrolls of blinking {unknown}
 A - 8 scrolls of remove curse
 M - a scroll of summoning {unknown}
 N - a scroll of immolation {unknown}
 Q - 2 scrolls of magic mapping {unknown}
 R - a scroll of teleportation {unknown}
Potions
 d - 3 potions of ambrosia
 e - 2 potions of brilliance {unknown}
 j - 3 potions of restore abilities {unknown}
 m - 3 potions of might {unknown}
 n - 2 potions of resistance {unknown}
 p - 2 potions of curing
 u - a potion of poison {unknown}
 z - 3 potions of heal wounds
 B - a potion of experience {unknown}
 C - 4 potions of haste {unknown}
 F - 2 potions of mutation {unknown}
 O - 3 potions of berserk rage {unknown}
Books
 b - a Young Poisoner's Handbook

   Spells                             Type                      Level
   a - Sting                          Conjuration/Poison           1
   b - Cure Poison                    Poison                       2
   c - Mephitic Cloud                 Conjuration/Poison/Air       3
   d - Olgreb's Toxic Radiance        Poison                       4
   e - Venom Bolt                     Conjuration/Poison           5
 G - a book of Alchemy

   Spells                             Type                      Level
   a - Sublimation of Blood           Necromancy                   2
   b - Alistair's Intoxication        Transmutation/Poison         4
   c - Condensation Shield            Ice                          4
   d - Petrify                        Transmutation/Earth          4
   e - Ignite Poison                  Fire/Transmutation           5
   f - Irradiate                      Conjuration/Transmutation    5
 V - a book of Spatial Translocations

   Spells                             Type                      Level
   a - Apportation                    Translocation                1
   b - Blink                          Translocation                2
   c - Shroud of Golubria             Charms/Translocation         2
   d - Portal Projectile              Translocation                3
   e - Teleport Other                 Translocation                3
   f - Passage of Golubria            Translocation                4
 Y - a book of the Dragon

   Spells                             Type                      Level
   a - Flight                         Charms/Air                   3
   b - Cause Fear                     Hexes                        4
   c - Bolt of Fire                   Conjuration/Fire             6
   d - Dragon Form                    Transmutation                7
   e - Dragon's Call                  Summoning                    9
Miscellaneous
 E - a plain deck of destruction
 H - a plain deck of war {drawn: 1}
 U - a phial of floods
Comestibles
 c - 7 bread rations
 h - 9 fruits
 r - 7 royal jellies


   Skills:
 - Level 3.2 Short Blades
 + Level 13.5 Dodging
 + Level 8.7 Stealth
 + Level 0.9 Shields
 + Level 13.8 Spellcasting
 - Level 6.0 Translocations
 + Level 1.9 Air Magic
 - Level 6.5 Poison Magic
 * Level 10.4 Evocations


You had 29 spell levels left.
You knew the following spells:

 Your Spells              Type           Power        Failure   Level  Hunger
a - Sting                 Conj/Pois      ####         1%          1    None
b - Cure Poison           Pois           #####.....   1%          2    None
c - Blink                 Tloc           N/A          1%          2    None
d - Mephitic Cloud        Conj/Pois/Air  ###.....     10%         3    None


Dungeon Overview and Level Annotations

Branches:
Dungeon (12/15)            Temple (1/1) D:5            Lair (1/8) D:9
    Orc (2/4) D:9

Altars:
Ashenzari
Cheibriados
Elyvilon
Gozag
Kikubaaqudgha
Makhleb
Nemelex Xobeh
Okawaru
Qazlal
Ru
Trog
Vehumet
Xom
Yredelemnul
Zin
The Shining One
Lugonu

Shops:
D:12 :

Annotations:
D:4 Grinder
D:8 Joseph
D:11 bezhaha's ghost, experienced GrFi
Lair:1 Harold
Orc:2 Josephine


Innate Abilities, Weirdness & Mutations

You are tiny and cannot use many weapons and most armour.
You have supernaturally acute eyesight.
You are a herbivore.
You cover ground extremely quickly.
You need consume almost no food.
You are agile. (Dex +2)


Message History

You are very lightly contaminated with residual magic.
You feel somewhat more hungry.
You climb downwards.
Level annotation: Josephine Josephine points at you and mumbles some strange words.
The ghostly flame explodes!
The ghostly fireball engulfs you!
The ghostly fireball engulfs the orc wizard.
The orc wizard dies!
You hear a shout! x2
There is a stone staircase leading up here.
Wield which item (- for none, * to show all)? (? for menu, Esc to quit)
W - a +0 rod of ignition (11/11) (weapon)
The goblin zombie completely misses you.
Josephine gestures at the orc while chanting.
The ghostly flame explodes!
The ghostly fireball engulfs the goblin zombie.
The ghostly fireball engulfs you!
Ouch! That really hurt!
You die...
Your body glows slightly and disappears.

..$. ##.#...# ...o#
#......#
.....##...รท.#####
...........#.)...#
..........###W.@.##
##......$###......##
##g......###......#
##........##..Z...##
.........$#..@.o..#
..>W.W#.#)g...<..##
.g..#####...)..## .
.. #.....## #..#.##
#..### ##.# ###


You could see Josephine, a wraith, a gnoll (wandering), an orc and a goblin
zombie (wandering).

Vanquished Creatures
  An ogre mage (D:12)
  An unseen horror (D:10)
  2 hill giants
  Pikel (D:8)
  Maurice (D:8)
  An elephant (D:9)
  Psyche (Orc:1)
  A komodo dragon (D:12)
  A queen bee (D:8)
  4 trolls
  3 two-headed ogres
  A blink frog (D:9)
  3 deep elf magi
  3 yaks (D:11)
  2 hippogriffs
  2 wraiths (Orc:1)
  A wyvern (D:8)
  Eustachio (D:5)
  A hungry ghost (D:9)
  A porcupine (Lair:1)
  Edmund (D:8)
  A water moccasin (Lair:1)
  10 orc warriors
  2 ice beasts
  3 sky beasts
  4 phantoms
  4 ogres
  A crocodile (D:10)
  3 centaurs
  2 big kobolds
  5 giant frogs
  2 gnoll sergeants
  11 scorpions
  24 killer bees
  3 crimson imps
  4 goliath beetles
  A giant frog zombie (D:8)
  2 centaur zombies
  4 jellies
  A gnoll shaman (D:4)
  A quasit (D:12)
  A centaur skeleton (D:9)
  A giant frog skeleton (D:11)
  4 hounds
  15 orc priests
  Natasha (thrice) (D:5)
  4 iguanas
  4 worker ants
  11 orc wizards
  A killer bee zombie (D:10)
  2 sheep (D:9)
  11 adders
  19 gnolls
  A river rat (Orc:1)
  A scorpion zombie (D:6)
  6 giant mites
  A shadow imp (D:6)
  A goliath beetle zombie (D:6)
  6 worms
  An adder skeleton (D:9)
  2 adder zombies
  4 giant geckos
  3 oozes
  82 orcs
  2 ball pythons
  21 bats
  A bat skeleton (D:4)
  A bat zombie (D:8)
  7 giant cockroaches
  A gnoll zombie (D:6)
  10 goblins
  10 hobgoblins
  17 jackals
  25 kobolds
  4 quokkas
  2 giant newts
  2 giant spores
  4 orc zombies (D:6)
  2 quokka skeletons
  18 rats
  5 ballistomycetes
437 creatures vanquished.

Vanquished Creatures (collateral kills)
  3 orcs (D:9)
3 creatures vanquished.

Vanquished Creatures (others)
  3 slaves (D:8)
  An orc wizard (Orc:2)
  A giant mite (D:8)
  A fungus (D:6)
6 creatures vanquished.

Grand Total: 446 creatures vanquished

Notes
Turn   | Place    | Note
--------------------------------------------------------------
     0 | D:1      | Kira, the Spriggan Venom Mage, began the quest for the Orb.
     0 | D:1      | Reached XP level 1. HP: 9/9 MP: 4/4
   243 | D:1      | Reached XP level 2. HP: 13/13 MP: 3/8
   874 | D:2      | Reached XP level 3. HP: 16/16 MP: 4/11
  1184 | D:2      | Reached XP level 4. HP: 21/21 MP: 10/15
  1467 | D:2      | Reached skill level 5 in Poison Magic
  1601 | D:2      | Reached XP level 5. HP: 20/24 MP: 11/18
  1945 | D:3      | Reached skill level 5 in Spellcasting
  2111 | D:3      | Found a shattered altar of Ashenzari.
  2206 | D:3      | You fall through a shaft for 3 floors!
  2492 | D:5      | Entered Level 5 of the Dungeon
  2499 | D:5      | Noticed Natasha
  2607 | D:5      | Noticed Eustachio
  2737 | D:4      | Noticed Grinder
  2752 | D:4      | Paralysed by Grinder for 2 turns
  2777 | D:5      | Learned a level 2 spell: Cure Poison
  2783 | D:5      | Found a stormy altar of Qazlal.
  2786 | D:5      | Noticed a fire elemental
  2786 | D:5      | Noticed an air elemental
  2787 | D:5      | Noticed a water elemental
  2835 | D:5      | Killed Natasha
  2835 | D:5      | Reached XP level 6. HP: 28/28 MP: 16/21
  2853 | D:5      | Noticed Natasha
  2862 | D:5      | Killed Natasha
  2881 | D:5      | Noticed an ice beast
  2899 | D:5      | Noticed Natasha
  2901 | D:5      | Killed Natasha
  2960 | D:4      | Noticed an ice beast
  2995 | D:4      | Learned a level 2 spell: Blink
  3165 | D:4      | Reached skill level 1 in Short Blades
  3215 | D:4      | Reached skill level 5 in Dodging
  3277 | D:4      | Found an ancient bone altar of Kikubaaqudgha.
  3277 | D:4      | Found a white marble altar of Elyvilon.
  3277 | D:4      | Found a shimmering altar of Xom.
  3502 | D:3      | Reached skill level 1 in Translocations
  3509 | D:3      | Reached skill level 6 in Spellcasting
  3534 | D:3      | Reached XP level 7. HP: 18/32 MP: 7/24
  4061 | D:4      | Killed an ice beast
  4309 | D:4      | Found a basalt altar of Yredelemnul.
  4406 | D:5      | Killed Eustachio
  4481 | D:5      | Found a staircase to the Ecumenical Temple.
  4501 | Temple   | Entered the Ecumenical Temple
  4667 | D:5      | Noticed a sky beast
  4936 | D:6      | Reached skill level 7 in Spellcasting
  4936 | D:6      | Reached XP level 8. HP: 30/36 MP: 22/26
  5114 | D:6      | Noticed a phantom
  5164 | D:6      | Reached skill level 5 in Translocations
  5284 | D:6      | Killed a phantom
  5925 | D:7      | Reached skill level 5 in Stealth
  5925 | D:7      | Reached skill level 1 in Evocations
  5965 | D:7      | Reached skill level 8 in Spellcasting
  6040 | D:7      | You fall through a shaft for 3 floors!
  6040 | D:10     | Entered Level 10 of the Dungeon
  6064 | D:10     | Noticed a hill giant
  6223 | D:9      | Found a glowing silver altar of Zin.
  6433 | D:9      | Reached XP level 9. HP: 33/39 MP: 25/29
  6472 | D:9      | Found a radiant altar of Vehumet.
  6554 | D:9      | Found a staircase to the Orcish Mines.
  6823 | D:8      | Noticed Maurice
  7310 | D:9      | Found a staircase to the Lair.
  7540 | D:9      | Reached skill level 9 in Spellcasting
  7829 | D:9      | Noticed an elephant
  7892 | D:9      | Killed an elephant
  7892 | D:9      | Reached skill level 5 in Evocations
  8254 | D:9      | Reached skill level 10 in Spellcasting
  8371 | D:8      | Identified a +0 rod of ignition (11/11) (You found it on level 8 of the Dungeon)
  8596 | D:8      | Reached skill level 10 in Dodging
  8848 | D:8      | Reached XP level 10. HP: 40/44 MP: 25/31
  8917 | D:8      | Found a sparkling altar of Nemelex Xobeh.
  8923 | D:8      | Became a worshipper of Nemelex Xobeh the Trickster
  9010 | D:8      | Noticed Edmund
  9048 | D:8      | Killed Edmund
  9276 | D:8      | Noticed Pikel
  9335 | D:8      | Received a gift from Nemelex Xobeh
  9512 | D:8      | Killed Maurice
  9603 | D:8      | Killed Pikel
  9603 | D:8      | Reached skill level 11 in Spellcasting
  9942 | D:8      | Noticed Joseph
 10707 | Orc:1    | Entered Level 1 of the Orcish Mines
 10710 | Orc:1    | Noticed Psyche
 11120 | Lair:1   | Entered Level 1 of the Lair of Beasts
 11321 | Lair:1   | Noticed a five-headed hydra
 11353 | Lair:1   | Noticed Harold
 11718 | D:10     | Killed a hill giant
 11718 | D:10     | Reached skill level 12 in Dodging
 11731 | D:10     | Learned a level 3 spell: Mephitic Cloud
 12429 | D:11     | Reached XP level 11. HP: 28/47 MP: 34/34
 12788 | D:11     | Noticed a hill giant
 12789 | D:11     | Noticed bezhaha's ghost (experienced GrFi)
 13040 | D:11     | Killed a hill giant
 13092 | D:10     | Noticed an unseen horror
 13106 | D:10     | Killed an unseen horror
 13423 | D:11     | HP: 2/47 [deep elf mage/fireball (17)]
 14405 | D:12     | Found Vappeop's Book Shoppe.
 14474 | D:11     | Reached skill level 13 in Spellcasting
 14474 | D:11     | Reached skill level 1 in Air Magic
 14671 | D:12     | Received a gift from Nemelex Xobeh
 15732 | D:12     | Reached skill level 10 in Evocations
 15971 | D:12     | Received a gift from Nemelex Xobeh
 15972 | D:12     | Gained mutation: You are agile. (Dex +2) [potion of beneficial mutation]
 16001 | D:12     | Noticed an ogre mage
 16017 | D:12     | Killed an ogre mage
 16506 | Orc:1    | Killed Psyche
 16831 | Orc:2    | Noticed Josephine
 17487 | Orc:2    | Killed from afar by Josephine

Action                   |  1- 3 |  4- 6 |  7- 9 | 10-12 || total
-------------------------+-------+-------+-------+-------++-------
Melee: Whip              |    19 |     3 |       |       ||    22
       Short sword       |       |   137 |   437 |   553 ||  1127
       Dagger            |       |       |    34 |       ||    34
 Cast: Sting             |    66 |   154 |   320 |   485 ||  1025
       Blink             |       |       |     4 |     3 ||     7
       Cure Poison       |       |       |     1 |     1 ||     2
       Mephitic Cloud    |       |       |       |    28 ||    28
 Abil: Evoke Invisibilit |       |       |       |     8 ||     8
       Turn Visible      |       |       |       |     5 ||     5
Evoke: Rod               |       |       |     2 |     2 ||     4
       Deck              |       |       |       |    11 ||    11
  Use: Scroll            |       |     5 |     1 |     2 ||     8
       Potion            |       |       |     3 |     5 ||     8
 Stab: Sleeping          |       |     3 |     2 |    11 ||    16
       Distracted        |       |       |     1 |     4 ||     5
       Invisible         |       |       |       |    19 ||    19
       Confused          |       |       |       |     3 ||     3
  Eat: Bread ration      |       |       |     1 |     2 ||     3
       Pizza             |       |       |       |     3 ||     3
